 Dungeon Crawl Stone Soup version 0.29.0-4-gdea44cf6ec (webtiles) character file.

Game seed: 8609378760573658998

7882 qw the Cleaver (level 10, -3/91 HPs)
             Began as a Minotaur Fighter on Sept 8, 2022.
             Was a Follower of Ru.
             Slain by a boulder beetle (18 damage)
             ... on level 11 of the Dungeon.
             The game lasted 00:03:31 (8927 turns).

qw the Cleaver (Minotaur Fighter)                   Turns: 8927, Time: 00:03:31

Health: -3/91      AC: 27    Str: 25    XL:     10   Next: 2%
Magic:  9/9        EV:  4    Int:  5    God:    Ru [*.....]
Gold:   602        SH: 10    Dex: 10    Spells: 9/9 levels left

rFire   + . .      SeeInvis .   Y - +2 war axe (vorpal)
rCold   . . .      Faith    .   l - +0 kite shield
rNeg    . . .      Spirit   .   e - +3 crystal plate armour of Eternity {Fly}
rPois   .          Reflect  .   (helmet restricted)
rElec   .          Harm     .   f - +0 cloak
rCorr   .          Rampage  .   b - +1 pair of gloves
Will    +....      Clarity  +   p - +0 pair of boots
Stlth   ..........              (no amulet)
HPRegen 0.25/turn               k - ring of willpower
MPRegen 0.11/turn               (no ring)

@: about to teleport, flying
A: horns 2, inexperienced 1, retaliatory headbutt, clarity, fire resistance 1
a: Renounce Religion


You were on level 11 of the Dungeon.
You worshipped Ru.
Ru was aware of your devotion.
You visited 2 branches of the dungeon, and saw 11 of its levels.

You collected 602 gold pieces.


Innate Abilities, Weirdness & Mutations

You have a pair of horns on your head.
You are somewhat inexperienced. (-1 XL)
You reflexively headbutt those who attack you in melee.
You possess an exceptional clarity of mind.
Your flesh is heat resistant. (rF+)


   Skills:
 - Level 9.1 Fighting
 - Level 14.0 Axes
 - Level 2.0 Throwing
 + Level 9.0 Armour
 - Level 2.4 Dodging
 - Level 9.1 Shields


You had 9 spell levels left.
You didn't know any spells.
Your spell library was empty.

Inventory:

Hand Weapons
 q - a +0 morningstar
 Y - a +2 vorpal war axe (weapon)
Armour
 b - a +1 pair of gloves (worn)
 e - the +3 crystal plate armour of Eternity (worn) {Fly}
   (You acquired it on level 1 of the Dungeon)

   Fly:       It grants you flight.
 f - a +0 cloak (worn)
 l - a +0 kite shield (worn)
 p - a +0 pair of boots (worn)
Jewellery
 k - a ring of willpower (left hand)
Scrolls
 a - 2 scrolls of identify
Potions
 c - 2 potions of mutation
 d - 4 potions of might
 g - a potion of cancellation
 n - 4 potions of curing
 o - a potion of haste

Dungeon Overview and Level Annotations

Branches:
Dungeon (9/15)             Temple (1/1) D:4
   Lair: D:8-11         Orc: D:9-12

Altars:
Ashenzari
Cheibriados
Dithmenos
Elyvilon
Fedhas
Gozag
Hepliaklqana
Kikubaaqudgha
Makhleb
Nemelex Xobeh
Okawaru
Qazlal
Ru
Sif Muna
Trog
Uskayaw
Vehumet
Wu Jian
Xom
Yredelemnul
Zin
The Shining One


Message History

The boulder beetle hits you!!
The boulder beetle stops rolling and uncurls.
You hit the boulder beetle but do no damage.
You headbutt the boulder beetle.
The boulder beetle is moderately wounded.
The boulder beetle bites you!
You slash the boulder beetle!
You headbutt the boulder beetle, but do no damage.
The boulder beetle is severely wounded.
You block the boulder beetle's attack.
You hit the boulder beetle.
You headbutt the boulder beetle, but do no damage.
The boulder beetle is severely wounded.
The boulder beetle begins to attack, but is stunned by your conviction!
You hit the boulder beetle.
The boulder beetle is severely wounded.
The boulder beetle bites you!
You hit the boulder beetle but do no damage.
The boulder beetle is severely wounded.
8915 ||| RIP GAUNTLET The walls and floor vibrate strangely for a moment.
You block the boulder beetle's attack.
8916 ||| PLANNING D:1-11 You hit the boulder beetle but do no damage.
The boulder beetle is severely wounded.
The boulder beetle leaps!
The boulder beetle leaps!
You start resting.
A boulder beetle is nearby!
You slash the boulder beetle!
The boulder beetle is severely wounded.
The boulder beetle bites you!
8926 ||| READING scroll of teleportation.
As you read the scroll of teleportation, it crumbles to dust.
You feel strangely unstable. You block the boulder beetle's attack.
You hit the boulder beetle but do no damage.
The boulder beetle is severely wounded.
The boulder beetle bites you!!
You die...

# #.####### .#
#..../'.# ..#
#####.#.#.## ...#
#...# #.#..# .....
#.#.###.##.##....}.
...#.....##.@B......
#####'#########......
#.....# ####+ #####+#


You could see a boulder beetle.

Vanquished Creatures
  Harold (D:9)
  A two-headed ogre (D:8)
  Joseph (D:8)
  Maggie (D:8)
  3 trolls
  A wyvern (D:9)
  4 yaks (D:9)
  A shadow (D:11)
  2 steam dragons
  Grum (D:9)
  4 vampire mosquitoes (D:8)
  An acid dragon (D:9)
  2 water moccasins (D:5)
  3 orc warriors
  An ice beast (D:7)
  An ogre (D:6)
  3 wolves (D:9)
  2 centaurs
  3 phantoms
  2 kobold brigands
  5 bullfrogs
  A necrophage (D:4)
  A scorpion (D:5)
  9 wights
  An electric eel (D:8)
  A gnoll bouda (D:7)
  4 hounds
  7 orc priests
  A jelly (D:6)
  An iguana (D:5)
  Jessica (D:2)
  12 orc wizards
  7 adders
  11 gnolls
  A shadow imp (D:5)
  3 worms
  A dart slug (D:8)
  47 orcs
  6 bats
  6 endoplasms
  A giant cockroach (D:4)
  8 hobgoblins
  6 jackals
  15 kobolds
  2 quokkas (D:1)
  4 ball pythons
  3 frilled lizards
  A goblin (D:4)
  A rat (D:1)
205 creatures vanquished.

Vanquished Creatures (collateral kills)
  A steam dragon (D:6)
  An orc (D:6)
2 creatures vanquished.

Vanquished Creatures (others)
  A gnoll (D:6)
  An orc (D:6)
2 creatures vanquished.

Grand Total: 209 creatures vanquished

Notes
Turn   | Place    | Note
-------+----------+-------------------------------------------
     0 | D:1      | qw the Minotaur Fighter began the quest for the Orb.
     0 | D:1      | Reached XP level 1. HP: 19/19 MP: 0/0
     0 | D:1      | 0 ||| qw: Version: 0.1-a-112-g44dc6cd
     0 | D:1      | 0 ||| qw: Game counter: 6797
     0 | D:1      | 0 ||| qw: Always use a shield: true
     0 | D:1      | 0 ||| qw: God list: Ru
     0 | D:1      | 0 ||| qw: Allow faded altars: false
     0 | D:1      | 0 ||| qw: Do Orc after D:15 true
     0 | D:1      | 0 ||| qw: Do second Lair branch before Depths: true
     0 | D:1      | 0 ||| qw: Lair rune preference: random
     0 | D:1      | 0 ||| qw: Plans: Normal
     0 | D:1      | 0 ||| PLANNING D:1-11
   226 | D:1      | Reached skill level 3 in Axes
   359 | D:1      | Found a faded altar of an unknown god.
   450 | D:1      | Reached XP level 2. HP: 23/26 MP: 1/1
   488 | D:1      | 488 ||| Stepping ~*~*~tactically~*~*~ (stealth).
   489 | D:1      | 489 ||| Stepping ~*~*~tactically~*~*~ (stealth).
  1038 | D:1      | 1038 ||| UPGRADING to +0 cloak.
  1043 | D:1      | 1043 ||| READING 2 scrolls labelled YNOUBU DISUO.
  1044 | D:1      | 1044 ||| READING scroll labelled YPNIAKL CIMUR.
  1044 | D:1      | Identified a scroll of acquirement
  1044 | D:1      | 1044 ||| ACQUIRING +3 crystal plate armour of Eternity
                  | {Fly}
  1044 | D:1      | Acquired the +3 crystal plate armour of Eternity {Fly}
  1046 | D:1      | 1046 ||| UPGRADING to +3 crystal plate armour of Eternity
                  | {Fly}.
  1056 | D:1      | 1056 ||| DROPPING +0 scale mail.
  1057 | D:1      | 1057 ||| READING 2 scrolls labelled WIUTO OSURAGE.
  1061 | D:1      | 1061 ||| READING 2 scrolls labelled NERA INKODU.
  1062 | D:1      | 1062 ||| DROPPING scroll of amnesia.
  1351 | D:2      | Reached skill level 4 in Axes
  1380 | D:2      | Reached XP level 3. HP: 31/31 MP: 2/2
  1464 | D:2      | Noticed Jessica
  1467 | D:2      | Killed Jessica
  1468 | D:2      | Reached skill level 5 in Axes
  1652 | D:2      | Reached XP level 4. HP: 39/39 MP: 3/3
  2210 | D:2      | 2210 ||| UPGRADING to +0 pair of gloves.
  2215 | D:2      | 2215 ||| UPGRADING to +0 kite shield.
  2225 | D:2      | 2225 ||| DROPPING +0 buckler.
  2226 | D:2      | 2226 ||| UPGRADING to +0 pair of boots.
  2231 | D:2      | 2231 ||| READING scroll labelled TIVIOS SUHI.
  2232 | D:2      | 2232 ||| DRINKING 2 fuming silvery potions.
  2233 | D:2      | 2233 ||| READING 3 scrolls of identify.
  2233 | D:2      | 2233 ||| IDENTIFYING lumpy sapphire potion
  2234 | D:2      | 2234 ||| READING 2 scrolls of identify.
  2234 | D:2      | 2234 ||| IDENTIFYING black potion
  2235 | D:2      | 2235 ||| DROPPING potion of magic.
  2236 | D:2      | 2236 ||| DROPPING potion of brilliance.
  2329 | D:3      | Noticed a +0 dagger
  2329 | D:3      | Noticed a +0 dagger
  2330 | D:3      | Noticed a +0 spear
  2330 | D:3      | Noticed a +0 short sword
  2330 | D:3      | Noticed a +0 short sword
  2331 | D:3      | Noticed a +0 falchion
  2340 | D:3      | Found an ancient bone altar of Kikubaaqudgha.
  2402 | D:3      | 2402 ||| Stepping ~*~*~tactically~*~*~ (hiding).
  2411 | D:3      | 2411 ||| Stepping ~*~*~tactically~*~*~ (hiding).
  2417 | D:3      | Reached skill level 6 in Axes
  2417 | D:3      | Reached XP level 5. HP: 37/45 MP: 4/4
  2451 | D:3      | 2451 ||| Stepping ~*~*~tactically~*~*~ (stealth).
  2472 | D:3      | 2472 ||| DROPPING +0 whip.
  2475 | D:3      | 2475 ||| Stepping ~*~*~tactically~*~*~ (hiding).
  2512 | D:3      | 2512 ||| Stepping ~*~*~tactically~*~*~ (stealth).
  2584 | D:3      | 2584 ||| Stepping ~*~*~tactically~*~*~ (stealth).
  2587 | D:3      | 2587 ||| Stepping ~*~*~tactically~*~*~ (hiding).
  2747 | D:3      | Noticed a +0 spear
  2747 | D:3      | Noticed a +0 falchion
  2765 | D:3      | Found a hide-covered altar of Uskayaw.
  2959 | D:3      | 2959 ||| READING 2 scrolls labelled OPNIXO DAZEE.
  2960 | D:3      | 2960 ||| DRINKING 2 fizzy black potions.
  2961 | D:3      | 2961 ||| DROPPING scroll of fear.
  2962 | D:3      | 2962 ||| DROPPING potion of invisibility.
  3031 | D:4      | Found a radiant altar of Vehumet.
  3153 | D:4      | Reached XP level 6. HP: 45/51 MP: 5/5
  3367 | D:4      | Found a staircase to the Ecumenical Temple.
  3368 | D:4      | 3368 ||| PLANNING TEMPLE
  3368 | D:4      | 3368 ||| UPGRADING to ring of willpower.
  3369 | D:4      | 3369 ||| READING scroll labelled ATTOSU FIXORPH.
  3370 | D:4      | 3370 ||| DRINKING 2 sapphire potions.
  3376 | Temple   | Entered the Ecumenical Temple
  3413 | Temple   | 3413 ||| PLANNING D:1-11
  3436 | D:4      | 3436 ||| Stepping ~*~*~tactically~*~*~ (hiding).
  3458 | D:4      | 3458 ||| SWAPPING to +2 vorpal war axe.
  3459 | D:4      | 3459 ||| DROPPING +0 war axe.
  3462 | D:4      | 3462 ||| DROPPING +0 flail.
  3669 | D:5      | Entered Level 5 of the Dungeon
  3714 | D:5      | Reached skill level 7 in Axes
  3769 | D:5      | Found a glowing golden altar of the Shining One.
  3852 | D:5      | 3852 ||| Stepping ~*~*~tactically~*~*~ (hiding).
  3857 | D:5      | Noticed a water moccasin
  3861 | D:5      | 3861 ||| Stepping ~*~*~tactically~*~*~ (hiding).
  3871 | D:5      | Killed a water moccasin
  3872 | D:5      | Reached XP level 7. HP: 25/57 MP: 6/6
  3874 | D:5      | HP: 11/57 [gnoll/+4 flail (7)]
  3875 | D:5      | Reached skill level 1 in Dodging
  3875 | D:5      | 3875 ||| READING 2 scrolls of teleportation.
  3876 | D:5      | HP: 5/57 [gnoll/+4 flail (5)]
  3878 | D:5      | Found a hazy altar of Hepliaklqana.
  4470 | D:5      | Reached skill level 8 in Axes
  4681 | D:5      | 4681 ||| DRINKING 2 smoky purple potions.
  4682 | D:5      | 4682 ||| DROPPING potion of degeneration.
  4738 | D:6      | 4738 ||| Stepping ~*~*~tactically~*~*~ (stealth).
  4739 | D:6      | 4739 ||| Stepping ~*~*~tactically~*~*~ (stealth).
  4749 | D:6      | 4749 ||| Stepping ~*~*~tactically~*~*~ (hiding).
  4761 | D:6      | Reached skill level 6 in Shields
  4761 | D:6      | Reached XP level 8. HP: 51/66 MP: 7/7
  4853 | D:6      | 4853 ||| Stepping ~*~*~tactically~*~*~ (hiding).
  4856 | D:6      | 4856 ||| READING scroll labelled VOOSEI XIORIWIUQ.
  4857 | D:6      | 4857 ||| Stepping randomly (cloudy).
  4864 | D:6      | Reached skill level 9 in Axes
  4876 | D:6      | 4876 ||| Stepping ~*~*~tactically~*~*~ (stealth).
  4889 | D:6      | Reached skill level 6 in Armour
  4921 | D:6      | 4921 ||| Stepping ~*~*~tactically~*~*~ (stealth).
  4922 | D:6      | 4922 ||| Stepping ~*~*~tactically~*~*~ (hiding).
  4925 | D:6      | 4925 ||| Stepping ~*~*~tactically~*~*~ (stealth).
  4941 | D:6      | 4941 ||| Stepping ~*~*~tactically~*~*~ (hiding).
  5143 | D:6      | Reached skill level 10 in Axes
  5361 | D:6      | Found a sparkling altar of Nemelex Xobeh.
  5439 | D:6      | 5439 ||| READING 2 scrolls of identify.
  5439 | D:6      | 5439 ||| IDENTIFYING clear potion
  5440 | D:6      | 5440 ||| DROPPING potion of ambrosia.
  5475 | D:7      | 5475 ||| Stepping ~*~*~tactically~*~*~ (stealth).
  5497 | D:7      | Found a shadowy altar of Dithmenos.
  5512 | D:7      | Reached XP level 9. HP: 74/74 MP: 8/8
  5588 | D:7      | Reached skill level 6 in Fighting
  5776 | D:7      | 5776 ||| Stepping ~*~*~tactically~*~*~ (hiding).
  5777 | D:7      | 5777 ||| Stepping ~*~*~tactically~*~*~ (hiding).
  5934 | D:7      | Found a bloodstained altar of Trog.
  5935 | D:7      | Found a basalt altar of Yredelemnul.
  6239 | D:7      | 6239 ||| READING scroll labelled ZIUKHU UNLO.
  6240 | D:7      | 6240 ||| READING scroll labelled SOUXUO FUYKH.
  6402 | D:7      | 6402 ||| READING scroll labelled KULE TEULEOS.
  6403 | D:7      | 6403 ||| DRINKING 2 fizzy white potions.
  6403 | D:7      | Gained mutation: You occasionally lose the ability to read
                  | scrolls when taking damage. [potion of mutation]
  6403 | D:7      | Gained mutation: You possess an exceptional clarity of
                  | mind. [potion of mutation]
  6404 | D:7      | 6404 ||| DRINKING potion of mutation.
  6404 | D:7      | Lost mutation: You possess an exceptional clarity of mind.
                  | [potion of mutation]
  6404 | D:7      | Lost mutation: You occasionally lose the ability to read
                  | scrolls when taking damage. [potion of mutation]
  6404 | D:7      | Gained mutation: You possess an exceptional clarity of
                  | mind. [potion of mutation]
  6404 | D:7      | Gained mutation: Your flesh is heat resistant. (rF+)
                  | [potion of mutation]
  6405 | D:7      | 6405 ||| READING 2 scrolls of identify.
  6405 | D:7      | 6405 ||| IDENTIFYING ruby potion
  6467 | D:8      | 6467 ||| Stepping ~*~*~tactically~*~*~ (stealth).
  6473 | D:8      | 6473 ||| Stepping ~*~*~tactically~*~*~ (stealth).
  6478 | D:8      | 6478 ||| Stepping ~*~*~tactically~*~*~ (stealth).
  6490 | D:8      | 6490 ||| Stepping ~*~*~tactically~*~*~ (stealth).
  6513 | D:8      | Found a sacrificial altar of Ru.
  6525 | D:8      | Reached skill level 11 in Axes
  6602 | D:8      | Became a worshipper of Ru the Awakened
  6667 | D:8      | 6667 ||| Stepping ~*~*~tactically~*~*~ (stealth).
  6703 | D:8      | 6703 ||| Stepping ~*~*~tactically~*~*~ (stealth).
  6832 | D:8      | Noticed Joseph
  6833 | D:8      | 6833 ||| Stepping ~*~*~tactically~*~*~ (hiding).
  6848 | D:8      | Killed Joseph
  7004 | D:8      | 7004 ||| Stepping ~*~*~tactically~*~*~ (hiding).
  7007 | D:8      | Noticed Maggie
  7008 | D:8      | 7008 ||| Stepping ~*~*~tactically~*~*~ (hiding).
  7021 | D:8      | Killed Maggie
  7022 | D:8      | Reached skill level 12 in Axes
  7022 | D:8      | Reached XP level 10. HP: 83/83 MP: 9/9
  7027 | D:8      | Found an ornate altar of the Wu Jian Council.
  7039 | D:8      | 7039 ||| FLEEEEING.
  7040 | D:8      | 7040 ||| FLEEEEING.
  7055 | D:8      | 7055 ||| Stepping ~*~*~tactically~*~*~ (stealth).
  7072 | D:8      | 7072 ||| Stepping ~*~*~tactically~*~*~ (stealth).
  7073 | D:8      | 7073 ||| Stepping ~*~*~tactically~*~*~ (stealth).
  7152 | D:8      | Noticed a two-headed ogre
  7164 | D:8      | Killed a two-headed ogre
  7491 | D:8      | Found a snail-covered altar of Cheibriados.
  7505 | D:8      | 7505 ||| READING 2 scrolls labelled ONICUS KUOJOLI.
  7506 | D:8      | 7506 ||| READING 3 scrolls of identify.
  7506 | D:8      | 7506 ||| IDENTIFYING blue potion
  7507 | D:8      | 7507 ||| DROPPING scroll of noise.
  7508 | D:8      | 7508 ||| DROPPING potion of attraction.
  7548 | D:9      | Reached skill level 9 in Armour
  7550 | D:9      | Reached skill level 9 in Shields
  7584 | D:9      | 7584 ||| FLEEEEING.
  7585 | D:9      | 7585 ||| FLEEEEING.
  7586 | D:9      | 7586 ||| STAIRDANCE
  7640 | D:9      | 7640 ||| Stepping ~*~*~tactically~*~*~ (hiding).
  7757 | D:9      | 7757 ||| READING scroll of enchant armour.
  7757 | D:9      | 7757 ||| ENCHANTING +0 pair of gloves.
  7770 | D:9      | Reached skill level 13 in Axes
  7783 | D:9      | 7783 ||| Stepping ~*~*~tactically~*~*~ (hiding).
  7792 | D:9      | Noticed Harold
  7793 | D:9      | 7793 ||| Stepping ~*~*~tactically~*~*~ (hiding).
  7809 | D:9      | Killed Harold
  7810 | D:9      | Reached skill level 9 in Fighting
  7998 | D:9      | Found a broken altar of Ashenzari.
  8113 | D:9      | 8113 ||| INVOKING Sacrifice Experience.
  8113 | D:9      | Gained mutation: You are somewhat inexperienced. (-1 XL)
                  | [Ru sacrifice]
  8113 | D:9      | Reached XP level 9. HP: 83/83 MP: 8/8
  8113 | D:9      | Reached * piety under Ru
  8130 | D:9      | 8130 ||| Stepping ~*~*~tactically~*~*~ (hiding).
  8133 | D:9      | 8133 ||| Stepping ~*~*~tactically~*~*~ (hiding).
  8225 | D:9      | Noticed Grum
  8236 | D:9      | 8236 ||| Stepping ~*~*~tactically~*~*~ (hiding).
  8240 | D:9      | Killed Grum
  8462 | D:9      | You are sucked into a shaft and drop 2 floors!
  8499 | D:11     | 8499 ||| PLANNING GAUNTLET
  8524 | D:11     | Noticed a boulder beetle
  8532 | D:11     | Reached XP level 10. HP: 41/91 MP: 9/9
  8543 | D:11     | HP: 9/91 [boulder beetle (21)]
  8544 | D:11     | 8544 ||| READING 2 scrolls of teleportation.
  8884 | D:11     | Noticed a boulder beetle
  8889 | D:11     | Reached skill level 14 in Axes
  8915 | D:11     | 8915 ||| RIP GAUNTLET
  8916 | D:11     | 8916 ||| PLANNING D:1-11
  8925 | D:11     | HP: 15/91 [boulder beetle (15)]
  8926 | D:11     | 8926 ||| READING scroll of teleportation.
  8927 | D:11     | Slain by a boulder beetle

Levels and vault maps discovered:
D:1:      tarquinn_simple_flora_water_d, layout_basic,
          shapermc_ecumenical_altar_rom_forum, st_stairs_3
D:2:      minmay_razor_zed, layout_basic, uniq_jessica
D:3:      layout_basic, kiku_gazebo_pond_becter, nicolae_uskayaw_en_pointe,
          nicolae_underground_beach
D:4:      layout_loops_cross, mainiacjoe_overflow_cross_hatched,
          minmay_temple_entry_offerings
D:5:      layout_loops_ring, lemuel_crystal_altar, lemuel_coloured_pillars_altar
D:6:      layout_rooms, nemelex_dance_club_becter, minivault_24
D:7:      layout_cave_pools, nicolae_overflow_two_pavilions,
          lemuel_doored_altar, chequers_serial_rivers_micro_d, st_stairs_2
D:8:      layout_basic, kennysheep_slug_shrine, amcnicky_altar_gilded,
          nicolae_wu_jian_wuxing_cycle, lightli_minifort, uniq_joseph,
          uniq_maggie
D:9:      layout_small_grid, ashenzari_altar_1, uniq_grum, uniq_harold
D:11:     layout_roguey, david_lair_shrubbed,
          kennysheep_orc_monster_closet_entryway, gauntlet_entry_generic
Temple:   nicolae_temple_cloud_nine

Skill      XL: |  1  2  3  4  5  6  7  8  9 10 |
---------------+-------------------------------+-----
Axes           | 3 4 5 6 7 8 10 12 14 | 14.0
Shields        | 4 5 6 7 8 9 |  9.1
Armour         | 4 5 7 8 9 |  9.0
Dodging        | 1 2 |  2.4
Fighting       | 4 5 6 9 |  9.1
Throwing       | 2 |  2.0

Action                   |  1- 3 |  4- 6 |  7- 9 | 10-12 || total
-------------------------+-------+-------+-------+-------++-------
Melee: War axe           |    60 |   119 |   256 |   112 ||   547
       Headbutt          |     4 |    16 |    49 |    27 ||    96
Throw: Boomerang         |       |     5 |    18 |       ||    23
Invok: Sacrifice Experie |       |       |     1 |       ||     1
  Use: Scroll            |     4 |     5 |     7 |     5 ||    21
       Potion            |       |     3 |     3 |       ||     6
Armor: Scale mail        |    16 |       |       |       ||    16
       Crystal plate arm |    18 |    78 |   193 |    45 ||   334
Dodge: Dodged            |    33 |     6 |    27 |    13 ||    79
Block: Buckler           |    16 |     1 |       |       ||    17
       Kite shield       |       |    41 |   137 |    38 ||   216

Table legend:
 A = Non-vault XP
 B = Vault XP
 C = Vault XP percentage of total XP
 D = Non-vault monster count
 E = Vault monster count
 F = Vault count percentage of total count
                 A         B        C        D         E       F
            +---------+---------+-------+---------+---------+-------
      Total |    8561 |    2699 |  24.0 |     177 |      30 |  14.5
            +---------+---------+-------+---------+---------+-------
        D:1 |      25 |       3 |  10.7 |      14 |       2 |  12.5
        D:2 |      22 |      73 |  76.8 |       6 |      11 |  64.7
        D:3 |     174 |       0 |   0.0 |      19 |       0 |   0.0
        D:4 |     156 |       0 |   0.0 |      17 |       0 |   0.0
        D:5 |     790 |       0 |   0.0 |      17 |       0 |   0.0
        D:6 |    1120 |     118 |   9.5 |      29 |       2 |   6.5
        D:7 |    1002 |       6 |   0.6 |      15 |       2 |  11.8
        D:8 |    2148 |    1086 |  33.6 |      27 |       8 |  22.9
        D:9 |    2608 |    1413 |  35.1 |      31 |       5 |  13.9
       D:11 |     516 |       0 |   0.0 |       2 |       0 |   0.0
            +---------+---------+-------+---------+---------+-------
